 Dungeon Sprint DCSS version 0.29-a0-723-gce39da1c22 (webtiles) character file.

Game seed: 5152817941715372149

204 wilfster70 the Poker (level 5, -4/47 HPs)
             Began as a Demonspawn Monk on June 28, 2022.
             Was a Believer of Qazlal.
             Slain by a starcursed mass (6 damage)
             ... in the Dungeon (Sprint V: "Ziggurat Sprint").
             The game lasted 00:02:17 (162 turns).

wilfster70 the Poker (Demonspawn Monk)               Turns: 162, Time: 00:02:18

Health: -4/47      AC: 22    Str: 20    XL:     5   Next: 52%
Magic:  6/8        EV:  0    Int: 11    God:    Qazlal [**....]
Gold:   0          SH: 28    Dex: 15    Spells: 4/4 levels left

rFire   + + .      SeeInvis .   a - +8 lance "Wyrmbane" {slay drac, rPois rF+ rC+ AC+3}
rCold   + + .      Faith    .   b - +18 shield of the Gong {rElec rN+ Will+ EV-5}
rNeg    + . .      Spirit   .   j - +5 gold dragon scales
rPois   +          Reflect  .   (no helmet)
rElec   +          Harm     .   (no cloak)
rCorr   .          Rampage  .   (no gloves)
Will    +....      NoTele   +   (no boots)
Stlth   ..........              (no amulet)
HPRegen 0.15/turn               p - +6 ring of strength
MPRegen 0.11/turn               s - +4 ring of evasion

@: no status effects
A: hooves 2, demonic guardian 2
a: Renounce Religion, Upheaval


You were in the Dungeon.
You worshipped Qazlal.
Qazlal was pleased with you.
You visited 1 branch

Inventory:

Hand Weapons
 a - the +8 lance "Wyrmbane" (weapon) {slay drac, rPois rF+ rC+ AC+3}
   (You found it in the Dungeon)

   It inflicts extra damage against dragons and draconians.
   AC:        It affects your AC (+3).
   rF:        It protects you from fire.
   rC:        It protects you from cold.
   rPois:     It protects you from poison.
Armour
 b - the +18 shield of the Gong (worn) {rElec rN+ Will+ EV-5}
   (You found it in the Dungeon)

   It is deafeningly noisy when blocking attacks.
   EV:        It affects your evasion (-5).
   rElec:     It insulates you from electricity.
   rN:        It protects you from negative energy.
   Will:      It increases your willpower.
 j - +5 gold dragon scales (worn)
Jewellery
 p - a +6 ring of strength (left hand)
 s - a +4 ring of evasion (right hand)
Wands
 k - a wand of mindburst (7)
 l - a wand of iceblast (7)
 m - a wand of acid (7)
Scrolls
 i - 4 scrolls of blinking
 r - 5 scrolls of identify
 u - 4 scrolls of amnesia
 v - 7 scrolls of fog
 x - 2 scrolls of fear
Potions
 c - a potion of ambrosia
 d - 10 potions of curing
 e - 9 potions of heal wounds
 f - 6 potions of haste
 g - 7 potions of magic
 h - 3 potions of berserk rage
 n - 2 potions of brilliance
 o - 2 potions of invisibility
 t - 5 potions of might
 w - 4 potions of resistance


   Skills:
 + Level 6.8 Fighting
 + Level 7.1 Polearms
 + Level 4.2 Armour
 - Level 2.6 Dodging
 + Level 5.1 Stealth
 - Level 4.6 Invocations


You had 4 spell levels left.
You didn't know any spells.
Your spell library was empty.

Dungeon Overview and Level Annotations

Branches:
Dungeon (1/1)

Altars:
Ashenzari
Cheibriados
Dithmenos
Elyvilon
Fedhas
Gozag
Hepliaklqana
Kikubaaqudgha
Makhleb
Nemelex Xobeh
Okawaru
Qazlal
Ru
Sif Muna
Trog
Uskayaw
Vehumet
Wu Jian
Xom
Yredelemnul
Zin
The Shining One
Beogh
Jiyva
Lugonu

Annotations:
D 1 transporter


Innate Abilities, Weirdness & Mutations

You have hoof-like feet.
A demonic guardian rushes to your aid.


Message History

The starcursed mass touches your orange demon.
A starcursed mass splits.
You block the starcursed mass's attack.
SHROANNG!
A starcursed mass splits.
You block the starcursed mass's attack.
GONNNNG!
Your orange demon stings the starcursed mass!
The starcursed mass shudders and is absorbed by its neighbour.
You puncture the starcursed mass!
You kick the starcursed mass, but do no damage.
The starcursed mass is severely damaged.
The starcursed mass shudders and is absorbed by its neighbour.
The starcursed mass touches your orange demon.
You block the starcursed mass's attack.
GONNNNG!
You block the starcursed mass's attack.
GONNNNG!
The starcursed mass touches you but does no damage.
Your orange demon stings the starcursed mass.
The starcursed mass shudders and is absorbed by its neighbour.
A starcursed mass splits.
You hit the starcursed mass but do no damage.
A starcursed mass splits.
A deafening chorus of shrieks assaults your mind!
A starcursed mass splits. x2; You block the starcursed mass's attack.
BONNNG!
Your orange demon stings the starcursed mass but does no damage.
Your orange demon hits the starcursed mass.
The starcursed mass shudders and is absorbed by its neighbour.
You hit the starcursed mass.
The starcursed mass is heavily damaged.
The starcursed mass shudders and is absorbed by its neighbour.
You block the starcursed mass's attack.
PANG!
Your orange demon stings the starcursed mass but does no damage.
Your orange demon hits the starcursed mass but does no damage.
The starcursed mass touches you.
A deafening chorus of shrieks assaults your mind!
* * * LOW HITPOINT WARNING * * *
The starcursed mass touches you.
You die...

▓▓▓▓▓▓▓▓▓▓▓▓▓
▓.8©8.▓.8©8.▓
▓.X)}.▓.....▓
▓.....▓.[=..▓
▓..X.○▓.....▓
▓.4X@☼▓.††..▓
▓..XXX▓..©..▓
▓..©X.▓▓▓▓▓▓▓
▓▓▓▓▓▓▓


You could see 7 starcursed masses and a friendly orange demon (summoned).

Vanquished Creatures
  2 black bears (D)
  A shadow imp (D)
  A bat zombie (D)
4 creatures vanquished.

Notes
Turn   | Place    | Note
-------+----------+-------------------------------------------
     0 | D        | wilfster70 the Demonspawn Monk began the quest for the Orb.
     0 | D        | Reached XP level 1. HP: 18/18 MP: 1/1
    19 | D        | Found a shimmering blue altar of Sif Muna.
    19 | D        | Found a bloodstained altar of Trog.
    19 | D        | Found a sacrificial altar of Ru.
    19 | D        | Found a stormy altar of Qazlal.
    19 | D        | Found an iron altar of Okawaru.
    21 | D        | Found a sparkling altar of Nemelex Xobeh.
    21 | D        | Found the +6 Majin-Bo {vamp, MP+6 Int+6}
    21 | D        | Found the +9 heavy crossbow "Sniper" {vorpal, Acc+∞ SInv}
    21 | D        | Found the +10 dark maul {vorpal}
    21 | D        | Found the +15 Maxwell's patent armour {-Cast -Tele rElec
                  | Will+ rCorr}
    21 | D        | Found the +18 shield of the Gong {rElec rN+ Will+ EV-5}
    21 | D        | Found the +14 obsidian axe {vorpal, Mesm Drain Fly SInv}
    21 | D        | Found the +7 great mace "Firestarter" {inner flame, rF++}
    21 | D        | Found the +6 shillelagh "Devastator" {shatter}
    21 | D        | Found the +11 plutonium sword {Contam Stlth-}
    21 | D        | Found the +8 lance "Wyrmbane" {slay drac, rPois rF+ rC+
                  | AC+3}
    21 | D        | Found the +9 sword of Zonguldrok {reap}
    21 | D        | Found the +13 scythe of Curses {drain, Drain}
    21 | D        | Found the +5 sword of Power {vorpal}
    21 | D        | Found the +7 mace of Variability {chain chaos}
    21 | D        | Found the +7 Singing Sword {vorpal, sonic wave}
    21 | D        | Found the +8 storm bow {elec, penet}
    22 | D        | Found an ancient bone altar of Kikubaaqudgha.
    22 | D        | Found a transporter.
    22 | D        | Found a corrupted altar of Lugonu.
    22 | D        | Found a viscous altar of Jiyva.
    22 | D        | Found a burning altar of Makhleb.
    22 | D        | Found a hazy altar of Hepliaklqana.
    22 | D        | Found an opulent altar of Gozag.
    35 | D        | Became a worshipper of Qazlal Stormbringer
    35 | D        | Reached * piety under Qazlal
    35 | D        | Reached ** piety under Qazlal
    54 | D        | Found a blossoming altar of Fedhas.
    82 | D        | Reached skill level 5 in Polearms
    82 | D        | Gained mutation: You have large cloven feet. [demonic
                  | ancestry]
    82 | D        | Reached XP level 2. HP: 26/26 MP: 1/5
   132 | D        | Entered arena 2.
   132 | D        | Noticed a black bear
   132 | D        | Noticed a black bear
   132 | D        | Found a transporter.
   135 | D        | Killed a black bear
   136 | D        | Reached skill level 5 in Fighting
   136 | D        | Reached skill level 6 in Polearms
   136 | D        | Gained mutation: A weak demonic guardian rushes to your
                  | aid. [demonic ancestry]
   136 | D        | Reached XP level 3. HP: 33/34 MP: 6/6
   136 | D        | Gained mutation: You have hoof-like feet. [demonic
                  | ancestry]
   136 | D        | Reached XP level 4. HP: 39/40 MP: 7/7
   137 | D        | Killed a black bear
   138 | D        | Reached skill level 7 in Polearms
   138 | D        | Reached skill level 5 in Stealth
   138 | D        | Gained mutation: A demonic guardian rushes to your aid.
                  | [demonic ancestry]
   138 | D        | Reached XP level 5. HP: 46/47 MP: 8/8
   149 | D        | Entered arena 3.
   149 | D        | Noticed a starcursed mass
   149 | D        | Found a transporter.
   162 | D        | HP: 2/47 [starcursed mass/accursed screaming (17)]
   162 | D        | Slain by a starcursed mass

Illustrated notes

Levels and vault maps discovered:
D:        sprint_v [room_start, room_1, room_2, room_3, room_4, room_5, room_6,
          room_7, room_8, room_9, room_10, room_11, room_12, room_13, room_14,
          room_15, room_16, room_17, room_18, room_19, room_20, room_21,
          room_22, room_23, room_24, room_25, room_26, room_27]

Skill      XL: |  1  2  3  4 |
---------------+-------------+-----
Fighting       | 4 5 6 |  6.8
Polearms       | 5 6 7 |  7.1
Invocations    | 4 |  4.6
Armour         | 3 4 |  4.2
Stealth        | 3 5 |  5.1
Dodging        | |  2.6

Action                   |  1- 3 |  4- 6 || total
-------------------------+-------+-------++-------
Melee: Lance             |     3 |    10 ||    13
       Kick              |     1 |     3 ||     4
Invok: Upheaval          |       |     1 ||     1
  Use: Potion            |     1 |     1 ||     2
Armor: Gold dragon scale |     3 |     5 ||     8
Block: Kite shield       |     5 |    15 ||    20

Table legend: (Time is in decaauts)
 A = Elapsed time spent in this place.
 B = Non-inter-level travel time spent in this place.
 C = Inter-level travel time spent in this place.
 D = Time resting spent in this place.
 E = Time spent auto-exploring this place.
 F = Levels seen in this place.
 G = Mean time per level.
                   A        B        C        D        E       F      G
               +--------+--------+--------+--------+--------+-----+--------+
         Total |    159 |    159 |      0 |     42 |      0 |   1 |  159.0 |
       Dungeon |    159 |    159 |      0 |     42 |      0 |   1 |  159.0 |
               +--------+--------+--------+--------+--------+-----+--------+

Top non-repeatable levels by time:
       D: 159 daAuts
